 Dungeon Crawl Stone Soup version 0.22-a0-538-g76cc104 (webtiles) character file.

17280 Hebeh the Cleaver (level 12, -10/109 (110) HPs)
             Began as a Minotaur Fighter on June 23, 2018.
             Was a High Priest of Trog.
             Mangled by Snorg (11 damage)
             ... on level 2 of the Orcish Mines.
             The game lasted 01:00:49 (15211 turns).

Hebeh the Cleaver (Minotaur Fighter)               Turns: 15211, Time: 01:00:52

HP:   -10/109 (110) AC: 19    Str: 26    XL:     12   Next: 17%
MP:   13/13         EV:  7    Int:  5    God:    Trog [*****.]
Gold: 2289          SH:  0    Dex: 10    Spells: 11/11 levels left

rFire    . . .     SeeInvis .   a - +2 broad axe (chop)
rCold    . . .     Gourm    .   (no shield)
rNeg     . . .     Faith    .   m - +0 plate armour
rPois    +         Spirit   .   (helmet restricted)
rElec    .         Reflect  .   g - +0 cloak
rCorr    .         Harm     .   x - +0 pair of gloves
MR       .....                  k - +0 pair of boots
Stlth    ..........             (no amulet)
HPRegen  0.28/turn              G - ring of poison resistance
MPRegen  0.13/turn              (no ring)

@: berserk cooldown, slowed, very slow
A: retaliatory headbutt, horns 2
a: Berserk, Trog's Hand, Brothers in Arms, Renounce Religion


You were on level 2 of the Orcish Mines.
You worshipped Trog.
Trog was extremely pleased with you.
You were very hungry.

You visited 4 branches of the dungeon, and saw 15 of its levels.
You also visited: Sewer and Ossuary.

You collected 2289 gold pieces.

Inventory:

Hand Weapons
 a - a +2 broad axe of chopping (weapon)
 b - a +2 mace of draining
 e - a +3 antimagic battleaxe
Armour
 c - a +0 shield
 g - a +0 cloak (worn)
 k - a +0 pair of boots (worn)
 m - a +0 plate armour (worn)
 x - a +0 pair of gloves (worn)
Jewellery
 G - a ring of poison resistance (left hand)
Wands
 t - a wand of paralysis (21)
 w - a wand of acid (8)
 A - a wand of clouds (10)
 B - a wand of digging (15)
 C - a wand of random effects (29)
 I - a wand of flame (30)
Scrolls
 h - 2 scrolls of fog
 i - 4 scrolls of teleportation
 l - 2 scrolls of enchant armour
 o - 2 scrolls of enchant weapon
 s - a scroll of blinking
 v - 4 scrolls of remove curse
 y - 3 scrolls of magic mapping
 D - a scroll of fear
Potions
 d - 5 potions of might
 j - 2 potions of agility
 p - 2 potions of heal wounds
 q - 6 potions of curing
 r - a potion of haste
 z - a potion of brilliance {unknown}
 F - a potion of cancellation
Comestibles
 f - 13 rations


   Skills:
 + Level 11.1 Fighting
 * Level 14.5 Axes
 + Level 11.2 Armour
 + Level 11.1 Shields
 + Level 2.7 Evocations


You had 11 spell levels left.
You didn't know any spells.
Your spell library contained the following spells:

 Spells                   Type           Power        Failure   Level  Hunger
 Magic Dart               Conj           #...         99%         1    ##.....
 Conjure Flame            Conj/Fire      #.......     100%        3    ####...
 Slow                     Hex            #.......     100%        2    ###....
 Mephitic Cloud           Conj/Pois/Air  #.......     100%        3    ####...
 Blink                    Tloc           N/A          100%        2    ###....
 Call Imp                 Summ           #.......     100%        2    ###....


Dungeon Overview and Level Annotations

Branches:
Dungeon (11/15)            Temple (1/1) D:6            Lair (1/6) D:9
    Orc (2/2) D:11            Elf (0/3) Orc:2

Altars:
Ashenzari
Hepliaklqana
Okawaru
Qazlal
Sif Muna
Trog
Uskayaw
Vehumet
Xom
Zin
The Shining One
Beogh

Shops:
D:5 [   D:10 =

Annotations:
D:9 3 runed doors, wazuzu's ghost, journeyman OgFE
Orc:2 Snorg


Innate Abilities, Weirdness & Mutations

You reflexively headbutt those who attack you in melee.
You have a pair of horns on your head.


Message History

You are too injured to fight recklessly!
A red film seems to cover your vision as you go berserk!
You feel yourself moving faster!
You feel mighty!
You are feeling very hungry.
Snorg closely misses you. Snorg claws you. Snorg claws you!
* * * LOW HITPOINT WARNING * * *
You feel a strong urge to attack something.
Snorg barely misses you. Snorg claws you but does no damage. Snorg claws you!
* * * LOW HITPOINT WARNING * * *
Snorg bites you but does no damage. Snorg claws you!
* * * LOW HITPOINT WARNING * * *
Snorg claws you but does no damage.
You feel your anger nearly subside.
You are no longer berserk.
Trog's vigour flows through your veins.
You are exhausted.
You feel yourself slow down. Snorg bites you!
* * * LOW HITPOINT WARNING * * *
Snorg claws you!
You die...

#...........##......#..
.............##....##
.........#..####.###
............# ##
............###
....##........## .
##........##
#......T...##
##......@...#
#.........##
##........##
######........## .
#...###.....###
.###...##.)##.##
...##.##..).###
....#'##....#
#..........##


You could see Snorg (berserk).

Vanquished Creatures
  Erica (D:9)
  6 two-headed ogres
  An orc high priest (Orc:2)
  A deep elf mage (D:9)
  Maurice (D:9)
  A gargoyle (D:10)
  A komodo dragon (D:10)
  5 trolls
  A wraith (D:10)
  4 yaks
  2 hungry ghosts (D:9)
  Grum (D:10)
  3 wargs
  3 water moccasins
  A soldier ant (D:11)
  An acid dragon (D:10)
  2 ice beasts
  2 sky beasts
  A necrophage (D:11)
  4 phantoms
  A black bear (D:7)
  14 orc warriors
  11 ogres
  2 centaurs (D:8)
  2 wolves (D:10)
  2 big kobolds
  2 crocodiles
  8 bullfrogs
  A wyvern zombie (D:9)
  A gnoll sergeant (D:9)
  5 scorpions
  4 centaur zombies
  7 crimson imps
  2 quasits
  A bullfrog zombie (D:7)
  2 human zombies (Ossuary)
  A bullfrog skeleton (D:6)
  6 hounds
  Crazy Yiuf (D:2)
  14 orc priests
  A gnoll shaman (Orc:1)
  An iguana (D:9)
  23 orc wizards
  Jessica (D:2)
  3 centaur skeletons
  8 worker ants
  A big kobold zombie (Ossuary)
  A hound zombie (D:5)
  2 mummies (Ossuary)
  A worker ant zombie (D:6)
  Robin (D:2)
  7 gnolls
  15 adders
  A shadow imp (D:9)
  4 adder skeletons
  An adder zombie (D:9)
  2 worms (D:3)
  3 dart slugs
  10 leopard geckos
  76 orcs
  3 ball pythons
  5 bats
  6 giant cockroaches
  13 goblins
  9 hobgoblins
  13 jackals
  17 kobolds
  4 quokkas
  6 frilled lizards
  4 gnoll zombies (Ossuary)
  4 goblin zombies (Ossuary)
  A hobgoblin zombie (Ossuary)
  A jackal skeleton (D:4)
  2 orc zombies (Ossuary)
  A quokka zombie (D:9)
  7 rats
  4 plants (Sewer)
391 creatures vanquished.

Vanquished Creatures (others)
  A plant (D:1)
1 creature vanquished.

Grand Total: 392 creatures vanquished

Notes
Turn   | Place    | Note
-------+----------+-------------------------------------------
     0 | D:1      | Hebeh the Minotaur Fighter began the quest for the Orb.
     0 | D:1      | Reached XP level 1. HP: 19/19 MP: 0/0
   128 | D:1      | Reached XP level 2. HP: 27/27 MP: 1/1
   416 | D:1      | Reached skill level 3 in Axes
   719 | D:2      | Noticed Robin
   720 | D:2      | Reached XP level 3. HP: 33/33 MP: 2/2
   743 | D:2      | Killed Robin
  1028 | D:2      | Noticed Jessica
  1029 | D:2      | Killed Jessica
  1029 | D:2      | Reached XP level 4. HP: 40/40 MP: 3/3
  1079 | D:2      | Reached skill level 4 in Axes
  1376 | D:2      | Found a runed door.
  1380 | D:2      | Noticed Crazy Yiuf
  1385 | D:2      | Killed Crazy Yiuf
  1697 | D:3      | Reached XP level 5. HP: 47/47 MP: 4/4
  1698 | D:3      | Found a glowing drain.
  1718 | Sewer    | Entered a sewer
  3134 | D:4      | Found a sand-covered staircase.
  3134 | D:4      | Noticed an ogre
  3145 | D:4      | Killed an ogre
  3145 | D:4      | Reached skill level 5 in Axes
  3145 | D:4      | Reached XP level 6. HP: 20/55 MP: 5/5
  3148 | D:4      | Reached skill level 5 in Armour
  3148 | D:4      | Reached skill level 5 in Shields
  3152 | D:4      | Reached skill level 5 in Fighting
  3259 | Ossuary  | Entered an ossuary
  3437 | Ossuary  | Reached skill level 6 in Axes
  3502 | Ossuary  | Reached XP level 7. HP: 57/61 MP: 6/6
  3787 | D:4      | Found a shattered altar of Ashenzari.
  3796 | D:4      | Found a radiant altar of Vehumet.
  3799 | D:4      | Found a deep blue altar of Sif Muna.
  3814 | D:4      | Found a hazy altar of Hepliaklqana.
  4086 | D:5      | Entered Level 5 of the Dungeon
  4111 | D:5      | Reached skill level 7 in Axes
  4549 | D:5      | Reached XP level 8. HP: 67/70 MP: 7/7
  4595 | D:5      | Found Ziaxtad's Armour Boutique.
  4705 | D:6      | Reached skill level 8 in Axes
  4957 | D:6      | Found a staircase to the Ecumenical Temple.
  4969 | Temple   | Entered the Ecumenical Temple
  4987 | Temple   | Became a worshipper of Trog the Wrathful
  6322 | D:7      | Reached skill level 9 in Axes
  6595 | D:8      | Reached XP level 9. HP: 78/79 MP: 8/8
  6850 | D:8      | Noticed a two-headed ogre
  6866 | D:8      | Killed a two-headed ogre
  6866 | D:8      | Reached skill level 10 in Axes
  7417 | D:9      | Found a glowing golden altar of the Shining One.
  7417 | D:9      | Found a glowing silver altar of Zin.
  7444 | D:9      | Reached * piety under Trog
  7531 | D:9      | Noticed Erica
  7556 | D:9      | Killed Erica
  7556 | D:9      | Reached skill level 11 in Axes
  7556 | D:9      | Reached XP level 10. HP: 30/90 MP: 9/9
  7952 | D:9      | Found a runed door.
  8099 | D:9      | Noticed a two-headed ogre
  8113 | D:9      | Killed a two-headed ogre
  8122 | D:9      | Noticed a two-headed ogre
  8125 | D:9      | Noticed Maurice
  8132 | D:9      | Killed a two-headed ogre
  8140 | D:9      | Killed Maurice
  8140 | D:9      | Reached skill level 12 in Axes
  8513 | D:9      | Found a runed door.
  8543 | D:9      | Reached ** piety under Trog
  8623 | D:9      | Found a staircase to the Lair.
  8946 | D:9      | Found a runed gate.
  8946 | D:9      | Found a runed gate.
  8946 | D:9      | Found a runed gate.
  8947 | D:9      | Noticed a spectral wolf spider
  9093 | D:9      | Noticed a deep elf mage
  9099 | D:9      | Killed a deep elf mage
  9099 | D:9      | Reached XP level 11. HP: 98/99 MP: 10/10
  9154 | D:9      | Noticed wazuzu's ghost (journeyman OgFE)
  9169 | Lair:1   | Entered Level 1 of the Lair of Beasts
  9205 | D:10     | Entered Level 10 of the Dungeon
  9295 | D:10     | Noticed Grum
  9296 | D:10     | Found Binukuac's Jewellery Shoppe.
  9305 | D:10     | Reached skill level 10 in Armour
  9308 | D:10     | Reached skill level 10 in Shields
  9313 | D:10     | Killed Grum
  9338 | D:10     | Reached skill level 10 in Fighting
  9604 | D:10     | Reached skill level 13 in Axes
  9690 | D:10     | Reached *** piety under Trog
 10164 | D:10     | Noticed a two-headed ogre
 10175 | D:10     | Killed a two-headed ogre
 10645 | D:11     | Noticed a two-headed ogre
 10665 | D:10     | Killed a two-headed ogre
 11434 | D:11     | Reached **** piety under Trog
 12071 | D:11     | Reached skill level 1 in Evocations
 12184 | D:11     | Reached skill level 14 in Axes
 12233 | D:11     | Identified a scroll of acquirement
 12287 | D:11     | Found a roughly hewn altar of Beogh.
 12287 | D:11     | Found a staircase to the Orcish Mines.
 12316 | Orc:1    | Entered Level 1 of the Orcish Mines
 12316 | Orc:1    | Noticed a two-headed ogre
 12329 | D:11     | Killed a two-headed ogre
 12602 | Orc:1    | Reached ***** piety under Trog
 12988 | Orc:1    | Reached XP level 12. HP: 106/107 MP: 12/12
 13190 | Orc:2    | Entered Level 2 of the Orcish Mines
 13190 | Orc:2    | Found a staircase to the Elven Halls.
 13341 | Orc:2    | Found a shimmering altar of Xom.
 14030 | Orc:2    | Received a gift from Trog
 14184 | Orc:2    | Noticed an orc high priest
 14925 | Orc:2    | Killed an orc high priest
 15181 | Orc:2    | Noticed Snorg
 15211 | Orc:2    | HP: 1/109 [Snorg (9)]
 15211 | Orc:2    | Mangled by Snorg

Vault maps used:
D:1:      mushboom_english_gardens, lexackson_kobold_supper
D:2:      first_ration, uniq_jessica, uniq_crazy_yiuf_cottage, uniq_robin
D:3:      cheibrodos_sewer_entry_drain
D:4:      grunt_temple_overflow_cloverleaf, enter_ossuary_1,
          roderic_serpentine_path
D:5:      serial_shops, shop
D:6:      temple_hall
D:7:      grunt_ogre_cave, minivault_11
D:9:      cheibrodos_histonic, chequers_temple_overflow_statue_of_worship,
          erik_lair_orcish_takeover, gammafunk_ghost_necromancy,
          guppyfry_early_elven_hall, uniq_maurice, uniq_erica
D:10:     serial_shops, shop_statue, minmay_unpleasant_kobolds, uniq_grum
D:11:     david_orc_5
Temple:   nicolae_temple_elliptical
Lair:1:   gammafunk_ghost_ooze
Orc:1:    special_room
Orc:2:    st_orc_pillars, basic_altar, mines2_lemuel, uniq_snorg
Sewer:    sewer_co_scattered_pipes
Ossuary:  minmay_ossuary_gauntlet

Skill      XL: |  1  2  3  4  5  6  7  8  9 10 11 12 |
---------------+-------------------------------------+-----
Axes           | 3 4 5 6 7 9 11 12 14 | 14.5
Fighting       | 4 5 6 7 8 9 10 11 | 11.1
Armour         | 4 5 6 7 8 9 11 | 11.2
Shields        | 4 5 6 7 8 9 10 11 | 11.1
Evocations     | 2 |  2.7

Action                   |  1- 3 |  4- 6 |  7- 9 | 10-12 || total
-------------------------+-------+-------+-------+-------++-------
Melee: War axe           |    81 |   308 |   343 |   461 ||  1193
       Headbutt          |     7 |    52 |    72 |   129 ||   260
       Broad axe         |       |       |       |   172 ||   172
Invok: Berserk           |       |       |       |     2 ||     2
       Brothers in Arms  |       |       |       |     1 ||     1
Evoke: Wand              |       |       |       |     1 ||     1
  Use: Scroll            |     5 |       |     7 |    10 ||    22
       Potion            |       |       |       |     2 ||     2
  Eat: Chunk             |     1 |     4 |     6 |     9 ||    20
       Ration            |       |     1 |     3 |     6 ||    10
Armor: Scale mail        |    38 |    12 |       |       ||    50
       Plate armour      |       |   126 |   210 |   288 ||   624
Dodge: Dodged            |    24 |    41 |    60 |   136 ||   261
Block: Shield            |    24 |   102 |   168 |   347 ||   641

Table legend:
 A = Spawn XP
 B = Non-spawn XP
 C = Spawn XP percentage of total XP
 D = Spawn monster count
 E = Non-spawn monster count
 F = Spawn count percentage of total count
 G = Total turns spent on level
                    A         B        C        D         E        F      G
               +---------+---------+-------+---------+---------+-------+---------
         Total |       0 |   24686 |   0.0 |       0 |     387 |   0.0 | 15211
               +---------+---------+-------+---------+---------+-------+---------
           D:1 |       0 |      40 |   0.0 |       0 |      22 |   0.0 |   711
           D:2 |       0 |     146 |   0.0 |       0 |      24 |   0.0 |   771
           D:3 |       0 |      65 |   0.0 |       0 |      19 |   0.0 |   806
           D:4 |       0 |     657 |   0.0 |       0 |      23 |   0.0 |   634
           D:5 |       0 |     453 |   0.0 |       0 |      16 |   0.0 |   624
           D:6 |       0 |     664 |   0.0 |       0 |      22 |   0.0 |   982
           D:7 |       0 |     425 |   0.0 |       0 |       8 |   0.0 |   793
           D:8 |       0 |    1914 |   0.0 |       0 |      21 |   0.0 |   902
           D:9 |       0 |    6935 |   0.0 |       0 |      53 |   0.0 |  1809
          D:10 |       0 |    5731 |   0.0 |       0 |      42 |   0.0 |  2596
          D:11 |       0 |    3724 |   0.0 |       0 |      48 |   0.0 |  1032
         Orc:1 |       0 |    1556 |   0.0 |       0 |      31 |   0.0 |  1237
         Orc:2 |       0 |    2159 |   0.0 |       0 |      23 |   0.0 |  1118
         Sewer |       0 |      55 |   0.0 |       0 |      19 |   0.0 |   846
       Ossuary |       0 |     162 |   0.0 |       0 |      16 |   0.0 |   318
               +---------+---------+-------+---------+---------+-------+---------
